 Seeded DCSS version 0.29.1-12-g30fa7ad0bf (webtiles) character file.

Game seed: 8067774122993711936 (custom seed)

56 kingsuperguy the Cudgeller (level 3, -6/31 (33) HPs)
             Began as a Minotaur Berserker on Dec 17, 2022.
             Was a Follower of Trog.
             Mangled by a gnoll
             ... wielding a +0 flail
              (11 damage)
             ... on level 2 of the Dungeon.
             The game lasted 00:01:07 (1398 turns).

kingsuperguy the Cudgeller (Minotaur Berserker)     Turns: 1398, Time: 00:01:08

HP:   -6/31 (33)    AC:  5    Str: 23    XL:     3   Next: 69%
MP:   2/2           EV: 11    Int:  4    God:    Trog [*.....]
Gold: 24            SH:  0    Dex:  9    Spells: 2/2 levels left

rFire   . . .      SeeInvis .   a - +0 mace
rCold   . . .      Faith    .   (no shield)
rNeg    . . .      Spirit   .   d - +0 ring mail
rPois   .          Reflect  .   (helmet restricted)
rElec   .          Harm     .   (no cloak)
rCorr   .          Rampage  .   (no gloves)
Will    .....                   (no boots)
Stlth   ..........              (no amulet)
HPRegen 0.10/turn               (no ring)
MPRegen 0.08/turn               (no ring)

@: drained
A: horns 2, retaliatory headbutt
a: Renounce Religion, Berserk


You were on level 2 of the Dungeon.
You worshipped Trog.
Trog was aware of your devotion.
You visited 1 branch of the dungeon, and saw 2 of its levels.

You collected 24 gold pieces.

Inventory:

Hand Weapons
 a - a +0 mace (weapon)
 l - a +0 flail of draining
Missiles
 e - 4 javelins (quivered)
Armour
 b - a +0 animal skin
 d - a +0 ring mail (worn)
Jewellery
 f - an amulet of magic regeneration
 j - a ring of resist corrosion
 k - a +6 ring of strength
Scrolls
 h - a scroll of enchant armour {unknown}
Potions
 c - a potion of invisibility {unknown}
 g - 2 potions of mutation {unknown}
 i - a potion of brilliance {unknown}


   Skills:
 + Level 4.3 Fighting
 + Level 4.8 Maces & Flails
 + Level 2.7 Armour
 + Level 2.5 Dodging


You had 2 spell levels left.
You didn't know any spells.
Your spell library was empty.

Dungeon Overview and Level Annotations

Branches:
Dungeon (2/15)

Altars:

Shops:
D:1 [


Innate Abilities, Weirdness & Mutations

You have a pair of horns on your head.
You reflexively headbutt those who attack you in melee.


Message History

Trog accepts your kill.
You see here a giant cockroach corpse.
The gnoll barely misses you.
There is a stone staircase leading down here.
You closely miss the gnoll. You headbutt the gnoll.
The gnoll is heavily wounded.
The gnoll hits you with a +0 flail of draining!
You feel drained.
You hit the gnoll.
The gnoll is almost dead.
The gnoll closely misses you.
You barely miss the gnoll.
The gnoll is almost dead.
The gnoll hits you but does no damage.
You feel drained.
The gnoll hits you with a +0 flail of draining.
You feel drained.
You sock the gnoll!
You kill the gnoll!
Trog accepts your kill.
k - a +6 ring of strength
Things that are here:
a +0 flail of draining; a +0 leather armour
l - a +0 flail of draining A gnoll is nearby!
The gnoll shouts!
The gnoll throws a boomerang.
The boomerang hits you.
You are too injured to fight recklessly!
You are too injured to fight recklessly!
Unknown command.
You are too injured to fight recklessly!
You are too injured to fight recklessly!
The gnoll misses you.
You hit the gnoll but do no damage. You headbutt the gnoll.
The gnoll is lightly wounded.
The gnoll hits you with a +0 flail!
* * * LOW HITPOINT WARNING * * *
You thump the gnoll!
The gnoll is severely wounded.
The gnoll hits you with a +0 flail!
You die...

#.###########.#
#.# #.# #.#
########.# ..#
.......#.##### ###
.......#†....# ..+
........>....# ###
.......[.....#
####...[.....#
#.........@g#
#.................
#.....#.#######.##
#####.#.# #.#.#
#.#.# #.# #.


You could see a gnoll.

Vanquished Creatures
  3 gnolls (D:2)
  A dart slug (D:1)
  A bat (D:1)
  2 endoplasms (D:1)
  3 giant cockroaches
  3 goblins (D:1)
  A hobgoblin (D:1)
  A quokka (D:1)
  2 ball pythons (D:1)
  3 frilled lizards (D:1)
  4 kobolds (D:1)
  A rat (D:1)
25 creatures vanquished.

Notes
Turn   | Place    | Note
-------+----------+-------------------------------------------
     0 | D:1      | kingsuperguy the Minotaur Berserker began the quest for the
                  | Orb.
     0 | D:1      | Reached XP level 1. HP: 19/19 MP: 0/0
   130 | D:1      | Found Woicy's Armour Shop.
   185 | D:1      | Reached XP level 2. HP: 24/27 MP: 1/1
   802 | D:1      | Found a faded altar of an unknown god.
  1078 | D:2      | Reached XP level 3. HP: 12/33 MP: 2/2
  1398 | D:2      | Mangled by a gnoll

Illustrated notes

Levels and vault maps discovered:
D:1:      eino_arrival_tree_alley, layout_basic,
          hellmonk_ecumenical_altar_inner_sanctum, serial_shops,
          nicolae_shop_hallway_stairs
D:2:      layout_basic, serial_shops, nicolae_shop_bloodbath_and_beyond

Skill      XL: |  1  2 |
---------------+-------+-----
Maces & Flails | 4 |  4.8
Fighting       | 4 |  4.3
Armour         | |  2.7
Dodging        | |  2.5

Action                   || total
-------------------------++-------
Melee: Mace              ||    55
       Headbutt          ||     7
Armor: Ring mail         ||    12
Dodge: Dodged            ||    30
